 Dungeon Crawl Stone Soup version 0.30-a0-347-gf58ed5266c (webtiles) character file.

Game seed: 3623905663012161129

3850 Angani the Arsonist (level 9, -11/93 HPs)
             Began as a White Draconian Fire Elementalist on Nov 6, 2022.
             Was a Believer of Vehumet.
             Mangled by an orc warrior
             ... wielding a +0 war axe
              (18 damage)
             ... in a bailey.
             The game lasted 00:18:43 (8817 turns).

Angani the Arsonist (DrFE)                          Turns: 8817, Time: 00:18:44

Health: -11/93     AC: 24    Str: 15    XL:     9   Next: 98%
Magic:  21/21      EV:  2    Int: 25    God:    Vehumet [**....]
Gold:   469        SH:  0    Dex: 10    Spells: 13/24 levels left

rFire   . . .      SeeInvis .    i - staff of conjuration
rCold   . . .      Faith    .    (no shield)
rNeg    . . .      Spirit   .    (body armour unavailable)
rPois   +          Reflect  .    (helmet currently unavailable)
rElec   .          Harm     .    (cloak currently unavailable)
rCorr   .          Rampage  .    (gloves currently unavailable)
Will    .....      Rage     3%   (boots currently unavailable)
Stlth   ++........ NoTele   +    (no amulet)
HPRegen 0.35/turn                n - +4 ring of slaying
MPRegen 0.17/turn                r - +6 ring of intelligence

@: tree-form, on berserk cooldown, attractive, slowed, very slow
A: stationary, stasis, torment immunity, boosted hp, (breathe frost), AC +7,
unfitting armour, (cold resistance 1), (cold-blooded), (big wings), berserk 1,
strong 1
a: Renounce Religion


You were in a bailey.
You worshipped Vehumet.
Vehumet was pleased with you.
You were a tree.
You visited 1 branch of the dungeon, and saw 7 of its levels.
You also visited: Bailey.

You collected 469 gold pieces.

Inventory:

Missiles
 q - a throwing net
Armour
 p - a +0 pair of boots (melded)
 y - a +0 cloak (melded)
Magical Staves
 b - a staff of cold
 i - a staff of conjuration (weapon)
Jewellery
 n - a +4 ring of slaying (left branch)
 r - a +6 ring of intelligence (right branch)
Wands
 s - a wand of flame (47)
Scrolls
 e - a scroll of amnesia
 t - a scroll of fog {unknown}
 u - a scroll of poison {unknown}
 w - a scroll of enchant armour {unknown}
Potions
 a - a potion of magic
 d - 3 potions of lignification
 h - a potion of might
 v - 2 potions of flight
 z - 2 potions of berserk rage
 A - a potion of ambrosia {unknown}


   Skills:
 - Level 1.7 Dodging
 - Level 1.7 Stealth
 + Level 8.3 Spellcasting
 * Level 6.4 Conjurations
 - Level 8.3 Fire Magic


You had 13 spell levels left.
You knew the following spells:

 Your Spells              Type           Power      Damage    Failure   Level
a - Foxfire               Conj/Fire      100%       2x1d9     1%          1
b - Scorch                Fire           100%       2d10      1%          2
c - Apportation           Tloc           20%        N/A       6%          1
d - Flame Wave            Conj/Fire      63%        2d15      2%          4
e - Inner Flame           Hex/Fire       31%        N/A       3%          3

Your spell library contained the following spells:

 Spells                   Type           Power      Damage    Failure   Level
 Static Discharge         Conj/Air       78%        2-6/arc   2%          2
 Kindle Blastsparks       Fire/Tloc/Air  48%        2d14      5%          3
 Beastly Appendage        Tmut           20%        N/A       6%          1
 Necrotise                Necr           40%        1d6       6%          1
 Summon Small Mammal      Summ           40%        N/A       6%          1
 Wereblood                Tmut           10%        N/A       9%          2
 Spider Form              Tmut/Pois      10%        N/A       17%         3


Dungeon Overview and Level Annotations

Branches:
Dungeon (7/15)             Temple (0/1) D:5          Bailey (1/1)

Altars:
Elyvilon
Gozag
Hepliaklqana
Kikubaaqudgha
Ru
Vehumet
Xom
Yredelemnul
Zin


Innate Abilities, Weirdness & Mutations

You are a tree.
Your roots penetrate the ground, keeping you stationary.
You cannot be teleported.
You are immune to unholy pain and torment.
Your maximum health is greatly increased.
Your equipment is partially melded.
((You can breathe waves of freezing cold which knock back foes.))
((Your icy white scales are hard. (AC +7)))
You cannot fit into any form of body armour.
((Your flesh is cold resistant. (rC+)))
((You are cold-blooded and may be slowed by cold attacks.))
((Your large and strong wings let you fly.))
You sometimes lose your temper in combat.
Your muscles are strong. (Str +4, Int/Dex -1)


Message History

The orc is attracted toward you.
You hit the orc knight!
The orc knight is severely wounded.
The orc knight hits you with a +0 war axe!
The orc warlord hits you with a +5 battleaxe!!
* * * LOW HITPOINT WARNING * * *
The orc is attracted toward you.
You hit the orc knight.
The orc knight is almost dead.
The orc knight hits you with a +0 war axe.
* * * LOW HITPOINT WARNING * * *
The orc warlord roars a battlecry!
You hear a shout!
Unknown command.
You hit the orc knight!
You kill the orc knight!
Vehumet accepts your kill.
The orc warrior is attracted toward you.
Your Conjurations skill increases to level 6!
Unknown command.
You closely miss the orc warrior.
The orc warrior is attracted toward you.
You closely miss the orc warrior.
You are no longer berserk.
You are exhausted.
You feel yourself slow down.
The orc warlord hits you with a +5 battleaxe!
* * * LOW HITPOINT WARNING * * *
The orc warrior hits you but does no damage.
Casting: Apportation (safe; 6% risk of failure)
Confirm with . or Enter, or press ? or * to list all spells.
You don't know that spell.
Unknown command.
You feel much better.
The orc warlord hits you with a +5 battleaxe!
* * * LOW HITPOINT WARNING * * *
The orc warrior hits you but does no damage.
The orc warlord hits you but does no damage.
The orc warrior hits you with a +0 war axe!!
You die...

###.### ###. ###.....###
###...
##.........###.....
#...........#......
#...........)......
#.....⌠.....#.....⌠
#....)......#......
#......)....#......
###♣o.......###.....
###.#o#.....###.###...
##...oo###.###.....###.
#.........###......oo.##
..........8##...o..go..#
........§.8#........o..#
∩....⌠.....'...........#
..........8#..g........#
?.........8##..........#


You could see an orc warlord (strong), 2 orc warriors and an orc (strong).

Vanquished Creatures
  2 orc knights (Bailey)
  An acid dragon (D:6)
  10 orc warriors (Bailey)
  2 black bears
  2 ice beasts
  A centaur (D:6)
  2 ogres (D:5)
  2 phantoms
  2 necrophages (D:6)
  A scorpion (D:4)
  4 crimson imps (D:3)
  3 hounds
  2 jellies (D:6)
  Crazy Yiuf (D:5)
  A gnoll bouda (D:4)
  An orc priest (D:6)
  An iguana (D:5)
  Jessica (D:3)
  An orc wizard (D:6)
  Robin (D:3)
  26 gnolls
  7 adders
  A shadow imp (D:5)
  2 ufetubi
  5 worms
  5 dart slugs
  9 orcs
  6 ball pythons
  9 bats
  6 endoplasms
  2 giant cockroaches (D:1)
  40 goblins
  37 hobgoblins
  5 jackals
  A quokka (D:4)
  3 frilled lizards
  10 kobolds
  4 rats
219 creatures vanquished.

Vanquished Creatures (others)
  197 foxfires
197 creatures vanquished.

Grand Total: 416 creatures vanquished

Notes
Turn   | Place    | Note
-------+----------+-------------------------------------------
     0 | D:1      | Angani the Draconian Fire Elementalist began the quest for
                  | the Orb.
     0 | D:1      | Reached XP level 1. HP: 14/14 MP: 3/3
   312 | D:1      | Reached XP level 2. HP: 20/20 MP: 3/5
   960 | D:1      | Learned a level 2 spell: Scorch
   975 | D:2      | Reached XP level 3. HP: 18/26 MP: 1/6
  1628 | D:2      | Reached XP level 4. HP: 33/33 MP: 1/8
  1713 | D:2      | You fall into a shaft and drop 2 floors!
  1824 | D:4      | Found a basalt altar of Yredelemnul.
  1824 | D:4      | Noticed a phantom
  1837 | D:4      | Killed a phantom
  1838 | D:4      | Reached XP level 5. HP: 38/38 MP: 3/10
  1927 | D:4      | Found an opulent altar of Gozag.
  1929 | D:4      | Found a sacrificial altar of Ru.
  2444 | D:3      | Noticed Jessica
  2448 | D:3      | Killed Jessica
  2562 | D:3      | Learned a level 1 spell: Apportation
  2566 | D:3      | Noticed a phantom
  2571 | D:3      | Killed a phantom
  2572 | D:3      | Reached skill level 5 in Fire Magic
  2572 | D:3      | Reached XP level 6. HP: 43/45 MP: 0/12
  2879 | D:3      | Found a shimmering altar of Xom.
  3254 | D:3      | Identified the +0 helmet of the Snail {rPois Dex+5}
  3254 | D:3      | Noticed Robin
  3385 | D:3      | Killed Robin
  4138 | D:4      | Reached skill level 5 in Spellcasting
  4138 | D:4      | Your scales start taking on an icy white colour.
  4138 | D:4      | Reached XP level 7. HP: 33/50 MP: 7/14
  4138 | D:4      | Gained mutation: Your flesh is cold resistant. (rC+) [White
                  | Draconian growth]
  4415 | D:4      | Reached skill level 5 in Fire Magic
  5509 | D:5      | Entered Level 5 of the Dungeon
  5608 | D:5      | Found a glowing silver altar of Zin.
  5840 | D:5      | Found a radiant altar of Vehumet.
  5856 | D:5      | Became a worshipper of Vehumet
  5982 | D:5      | Found a runed translucent door.
  5983 | D:5      | Noticed Crazy Yiuf
  5989 | D:5      | Killed Crazy Yiuf
  5990 | D:5      | Reached XP level 8. HP: 48/57 MP: 9/16
  6546 | D:5      | Found a staircase to the Ecumenical Temple.
  7040 | D:6      | Found an ancient bone altar of Kikubaaqudgha.
  7524 | D:6      | Found a hazy altar of Hepliaklqana.
  7600 | D:6      | Found a white marble altar of Elyvilon.
  7796 | D:7      | Found a flagged portal.
  7805 | Bailey   | Entered a bailey
  7898 | Bailey   | Learned a level 4 spell: Flame Wave
  7913 | Bailey   | Reached * piety under Vehumet
  7913 | Bailey   | Offered knowledge of Sandblast by Vehumet.
  7914 | Bailey   | Reached XP level 9. HP: 62/62 MP: 16/19
  8499 | Bailey   | Noticed an orc knight
  8506 | Bailey   | Learned a level 3 spell: Inner Flame
  8548 | Bailey   | Reached ** piety under Vehumet
  8548 | Bailey   | Offered knowledge of Static Discharge by Vehumet.
  8553 | Bailey   | Killed an orc knight
  8554 | Bailey   | Reached skill level 5 in Conjurations
  8578 | Bailey   | Noticed an orc warlord
  8602 | Bailey   | Noticed an orc knight
  8801 | Bailey   | Gained mutation: Your large and strong wings let you fly.
                  | [potion of mutation]
  8801 | Bailey   | Gained mutation: Your muscles are strong. (Str +4, Int/Dex
                  | -1) [potion of mutation]
  8801 | Bailey   | Gained mutation: You sometimes lose your temper in combat.
                  | [potion of mutation]
  8814 | Bailey   | Killed an orc knight
  8816 | Bailey   | HP: 2/93 [orc warlord/+5 battleaxe (10)]
  8817 | Bailey   | Mangled by an orc warrior

Illustrated notes

Levels and vault maps discovered:
D:1:      amcnicky_arrival_feature_with_door, layout_loops_ring,
          minmay_misc_feat_ornament
D:2:      layout_basic
D:3:      layout_loops_corners, led_xom_imps, uniq_jessica, uniq_robin
D:4:      minmay_goblin_kobold_castle, layout_gridville,
          gammafunk_temple_overflow_forgotten
D:5:      layout_loops_ring, zin_treasury, vehumet_altar_wand_db, temple_hall,
          uniq_crazy_yiuf_cottage
D:6:      layout_basic, overflow_temple_1_default, lemuel_doored_altar,
          mainiacjoe_overflow_concentric_impassable, chequers_jeans,
          hex_intersection
D:7:      layout_basic, cheibrodos_worm_habitat, enter_bailey_8
Bailey:   bailey_axe_minmay_hex_keep, bailey

Skill      XL: |  1  2  3  4  5  6  7  8  9 |
---------------+----------------------------+-----
Spellcasting   | 3 4 5 7 8 |  8.3
Fire Magic     | 4 5 4 6 7 8 |  8.3
Conjurations   | 6 |  6.4
Dodging        | |  1.7
Stealth        | |  1.7

Action                   |  1- 3 |  4- 6 |  7- 9 || total
-------------------------+-------+-------+-------++-------
Melee: Unarmed           |   105 |       |       ||   105
       Tailslap          |    11 |     2 |     6 ||    19
       Punch             |     2 |     1 |       ||     3
       Staff             |       |    43 |    41 ||    84
 Cast: Foxfire           |    14 |    15 |    86 ||   115
       Scorch            |    19 |    59 |   129 ||   207
       Apportation       |       |       |     6 ||     6
       Inner Flame       |       |       |     4 ||     4
       Flame Wave        |       |       |     2 ||     2
 Abil: Breathe Frost     |       |       |     1 ||     1
Evoke: Wand              |       |       |    13 ||    13
  Use: Potion            |       |     1 |    11 ||    12
       Scroll            |       |       |     7 ||     7
 Stab: Sleeping          |     2 |       |       ||     2
Armor: Skin              |    36 |    25 |    58 ||   119
Dodge: Dodged            |    76 |    42 |   112 ||   230

Table legend: (Time is in decaauts)
 A = Elapsed time spent in this place.
 B = Non-inter-level travel time spent in this place.
 C = Inter-level travel time spent in this place.
 D = Time resting spent in this place.
 E = Time spent auto-exploring this place.
 F = Levels seen in this place.
 G = Mean time per level.
                   A        B        C        D        E       F      G
               +--------+--------+--------+--------+--------+-----+--------+
         Total |   8782 |   8613 |    169 |   1819 |   5204 |   8 | 1097.8 |
       Dungeon |   7806 |   7637 |    169 |   1284 |   5204 |   7 | 1115.1 |
        Bailey |    976 |    976 |      0 |    535 |      0 |   1 |  976.0 |
               +--------+--------+--------+--------+--------+-----+--------+

Top non-repeatable levels by time:
     D:4: 1846 daAuts
     D:3: 1552 daAuts
     D:5: 1220 daAuts
     D:2: 1150 daAuts
     D:6: 1024 daAuts
  Bailey: 976 daAuts
     D:1: 961 daAuts
     D:7: 49 daAuts
